 Dungeon Crawl Stone Soup version 0.31-a0-210-gccc998df9b (webtiles) character file.

Game seed: 15018542291340173390

54 qw the Shooter (level 3, -4/21 HPs)
             Began as a Gargoyle Hexslinger on June 29, 2023.
             Slain by a cerulean imp
             ... wielding a +0 spear
             ... summoned by Natasha
              (5 damage)
             ... on level 2 of the Dungeon.
             The game lasted 00:00:27 (980 turns).

qw the Shooter (Gargoyle Hexslinger)                 Turns: 980, Time: 00:00:28

Health: -4/21      AC:  9    Str: 11    XL:     3   Next: 91%
Magic:  4/4        EV: 10    Int: 13    God:
Gold:   58         SH:  0    Dex: 14    Spells: 3/4 levels left

rFire   . . .        Y - +1 sling
rCold   . . .        (no shield)
rNeg    + . .        e - +0 ring mail
rPois   inf          (no helmet)
rElec   +            (no cloak)
rCorr   .            d - +0 pair of gloves
SInv    +            (no boots)
Will    .....        (no amulet)
Stlth   +            k - ring of see invisible
HPRegen 0.23/turn    (no ring)
MPRegen 0.09/turn

%: no passive effects
@: no status effects
A: sickness immunity, AC +3, negative energy resistance 1, electricity
resistance, torment resistance 1, petrification resistance
a: no special abilities


You were on level 2 of the Dungeon.
You visited 1 branch of the dungeon, and saw 2 of its levels.

You collected 58 gold pieces.


Innate Abilities, Weirdness & Mutations

You are immune to sickness and miasma.
Your stone body is resilient. (AC +3)
You are immune to poison.
You resist negative energy. (rN+)
You are resistant to electric shocks. (rElec)
You are resistant to unholy torment.
You are immune to petrification.


   Skills:
 - Level 2.0 Fighting
 + Level 3.1 Ranged Weapons
 - Level 1.9 Armour
 - Level 1.5 Dodging
 - Level 1.0 Spellcasting
 - Level 2.6 Hexes


You had 3 spell levels left.
You knew the following spells:

 Your Spells              Type           Power      Damage    Failure   Level
a - Slow                  Hex            28%        N/A       22%         1

Your spell library contained the following spells:

 Spells                   Type           Power      Damage    Failure   Level
 Inner Flame              Hex/Fire       4%         N/A       75%         3
 Portal Projectile        Hex/Tloc       8%         N/A       75%         3
 Cause Fear               Hex            3%         N/A       91%         4

Inventory:

Hand Weapons
 Y - a +1 sling (weapon)
Armour
 d - a +0 pair of gloves (worn)
 e - a +0 ring mail (worn)
Jewellery
 k - a ring of see invisible (left hand)
Scrolls
 a - a scroll of identify
Potions
 f - a potion of might {unknown}
 i - a potion of resistance

Dungeon Overview and Level Annotations

Branches:
Dungeon (2/15)

Altars:

Shops:
D:1 *=!

Annotations:
D:2 Natasha


Message History

Natasha casts a spell at you. The magic dart hits you.
You shoot a sling bullet.
The sling bullet closely misses the bat.
The bat hits you but does no damage. The bat closely misses you.
You shoot a sling bullet. The sling bullet misses the bat.
The bat hits you but does no damage.
Natasha casts a spell.
Natasha howls an incantation.
Natasha glows brightly for a moment.
Natasha stares at you and mumbles some strange words.
The magic dart hits you. The bat closely misses you.
You shoot a sling bullet. The sling bullet hits the bat!
You kill the bat!
Natasha casts a spell at you. You resist with significant effort.
You shoot a sling bullet. The sling bullet hits the cerulean imp.
The cerulean imp is lightly wounded.
Natasha casts a spell.
The cerulean imp hits you from afar with a +0 spear.
You shoot a sling bullet.
The sling bullet closely misses the cerulean imp.
The cerulean imp closely misses you.
You shoot a sling bullet. The sling bullet hits the cerulean imp.
The cerulean imp is heavily wounded.
The cerulean imp hits you but does no damage. x2
Natasha stares at you and mumbles some strange words.
The magic dart hits you but does no damage.
The cerulean imp barely misses you.
The cerulean imp hits you but does no damage.
You shoot a sling bullet. The sling bullet hits Natasha.
Natasha is moderately wounded.
Natasha claws you. The cerulean imp completely misses you.
The cerulean imp closely misses you.
You shoot a sling bullet.
The sling bullet closely misses Natasha.
Natasha barely misses you.
The cerulean imp hits you from afar with a +2 spear.
The cerulean imp hits you from afar with a +0 spear.
You die...

............####### #.#
#.####.....###....#####.. #.#
#.#...####).............# #.#
#.#.#.# #..............# #)#
#.#.#.# #.##...........# #.#
#.#.#.####.##...........# #.#
....#......##........... #.#
#.###########..........#######.#
#...........?...@..............#
#############...h......#########
#.55.......# #...!.[.....#
.............+ ..............#
................
.........##...... .... #.......


You could see Natasha and 2 cerulean imps.

Vanquished Creatures
  Natasha (D:2)
  4 endoplasms (D:1)
  4 hobgoblins (D:1)
  4 kobolds
  6 ball pythons
  6 bats
  4 goblins
29 creatures vanquished.

Notes
Turn   | Place    | Note
-------+----------+-------------------------------------------
     0 | D:1      | qw the Gargoyle Hexslinger began the quest for the Orb.
     0 | D:1      | Reached XP level 1. HP: 12/12 MP: 2/2
     0 | D:1      | 0 ||| qw: Version: 0.3-a-24-ga2abf7b
     0 | D:1      | 0 ||| qw: Game counter: 7035
     0 | D:1      | 0 ||| qw: Melee chars always use a shield: true
     0 | D:1      | 0 ||| qw: God list: Okawaru
     0 | D:1      | 0 ||| qw: Allow faded altars: false
     0 | D:1      | 0 ||| qw: Do Orc after clearing Dungeon:15 true
     0 | D:1      | 0 ||| qw: Do second Lair branch before Depths: true
     0 | D:1      | 0 ||| qw: Lair rune preference: random
     0 | D:1      | 0 ||| qw: Goals: Normal
     0 | D:1      | 0 ||| PLANNING D:1-11
    83 | D:1      | Found Eravir Nobeu's General Store.
    94 | D:1      | 94 ||| SHOPLISTING +6 ring of dexterity (360 gold, have 7).
    94 | D:1      | 94 ||| SHOPLISTING scroll of teleportation (30 gold, have
                  | 7).
   136 | D:1      | Reached XP level 2. HP: 9/16 MP: 3/3
   141 | D:1      | HP: 3/16 [kobold/+0 short sword (3)]
   240 | D:1      | Found Feipn's Distillery.
   246 | D:1      | Reached skill level 3 in Ranged Weapons
   253 | D:1      | 253 ||| SHOPLISTING potion of cancellation (96 gold, have
                  | 18).
   253 | D:1      | 253 ||| SHOPLISTING potion of curing (36 gold, have 18).
   253 | D:1      | 253 ||| SHOPLISTING potion of haste (120 gold, have 18).
   253 | D:1      | 253 ||| SHOPLISTING potion of might (48 gold, have 18).
   253 | D:1      | 253 ||| SHOPLISTING potion of mutation (96 gold, have 18).
   261 | D:1      | Found Zimaunum's Jewellery Shoppe.
   266 | D:1      | 266 ||| SHOPLISTING +4 ring of protection (504 gold, have
                  | 18).
   266 | D:1      | 266 ||| SHOPLISTING +4 ring of slaying (1092 gold, have
                  | 18).
   266 | D:1      | 266 ||| SHOPLISTING +6 ring of dexterity (504 gold, have
                  | 18).
   266 | D:1      | 266 ||| SHOPLISTING +6 ring of strength (504 gold, have
                  | 18).
   266 | D:1      | 266 ||| SHOPLISTING ring of protection from cold (350 gold,
                  | have 18).
   266 | D:1      | 266 ||| SHOPLISTING ring of see invisible (210 gold, have
                  | 18).
   266 | D:1      | 266 ||| SHOPLISTING ring of willpower (350 gold, have 18).
   444 | D:1      | Reached XP level 3. HP: 21/21 MP: 4/4
   632 | D:1      | 632 ||| UPGRADING to +0 pair of gloves.
   637 | D:1      | 637 ||| UPGRADING to +0 ring mail.
   647 | D:1      | 647 ||| DROPPING +0 robe.
   648 | D:1      | 648 ||| UPGRADING to ring of see invisible.
   649 | D:1      | 649 ||| READING scroll labelled NIETWEANIT.
   650 | D:1      | 650 ||| READING scroll labelled XAXTUE IVUVY.
   651 | D:1      | 651 ||| READING 2 scrolls labelled OBLUDI IKIGEPA.
   654 | D:1      | 654 ||| DRINKING 2 bubbling orange potions.
   655 | D:1      | 655 ||| DROPPING scroll of poison.
   682 | D:2      | Noticed Natasha
   684 | D:2      | 684 ||| FLEEEEING.
   685 | D:2      | 685 ||| FLEEEEING.
   687 | D:2      | 687 ||| FLEEEEING.
   688 | D:2      | 688 ||| FLEEEEING.
   689 | D:2      | 689 ||| FLEEEEING.
   690 | D:2      | 690 ||| FLEEEEING.
   691 | D:2      | 691 ||| FLEEEEING.
   694 | D:2      | 694 ||| FLEEEEING.
   695 | D:2      | 695 ||| FLEEEEING.
   701 | D:2      | Killed Natasha
   702 | D:2      | Reached skill level 1 in Armour
   705 | D:2      | 705 ||| STAIRDANCE
   780 | D:2      | Noticed Natasha
   790 | D:2      | HP: 3/21 [Natasha (7)]
   790 | D:2      | HP: 1/21 [Natasha/magic dart (2)]
   791 | D:2      | 791 ||| READING scroll of teleportation.
   979 | D:2      | HP: 4/21 [Natasha (5)]
   980 | D:2      | HP: 1/21 [cerulean imp/+2 spear[Natasha] (3)]
   980 | D:2      | Slain by a cerulean imp

Levels and vault maps discovered:
D:1:      psy_arrival_basics, layout_basic, serial_shops, shop, shop,
          nicolae_shop_industrial_runoff
D:2:      layout_basic, uniq_natasha

Skill      XL: |  1  2  3 |
---------------+----------+-----
Ranged Weapons | 3 |  3.1
Fighting       | 2 |  2.0
Armour         | 1 |  1.9
Dodging        | |  1.5
Spellcasting   | |  1.0
Hexes          | |  2.6

Action                     || total
---------------------------++-------
   Fire: Sling             ||   103
    Use: Scroll            ||     4
         Potion            ||     1
 Armour: Robe              ||     4
         Ring mail         ||     9
  Dodge: Dodged            ||    36

Table legend:
 A = Non-vault XP
 B = Vault XP
 C = Vault XP percentage of total XP
 D = Non-vault monster count
 E = Vault monster count
 F = Vault count percentage of total count
                 A         B        C        D         E       F
            +---------+---------+-------+---------+---------+-------
      Total |      43 |      35 |  44.9 |      28 |       1 |   3.4
            +---------+---------+-------+---------+---------+-------
        D:1 |      35 |       0 |   0.0 |      22 |       0 |   0.0
        D:2 |       8 |      35 |  81.4 |       6 |       1 |  14.3
            +---------+---------+-------+---------+---------+-------
